 Dungeon Crawl Stone Soup version 0.23-a0-629-gae4348f (webtiles) character file.

692528 Trolley the Impregnable (level 27, -8/222 HPs)
             Began as a Demonspawn Fighter on Dec 24, 2018.
             Was the Champion of Hepliaklqana.
             Mangled by an Orb Guardian (19 damage)
             ... on level 5 of the Realm of Zot on Dec 25, 2018.
             The game lasted 06:01:42 (75881 turns).

Trolley the Impregnable (Demonspawn Fighter)       Turns: 75881, Time: 06:01:42

Health: -8/222     AC: 44    Str: 29    XL:     27
Magic:  0/35       EV: 14    Int: 22    God:    Hepliaklqana [******]
Gold:   4275       SH: 11    Dex: 24    Spells: 22/50 levels left

rFire    + + +     SeeInvis .   a - +9 trident of Tunaloghuog {pierce, rF+ Dex+7}
rCold    + . .     Gourm    .   j - +2 buckler {reflect}
rNeg     + + +     Faith    .   r - +8 orange crystal plate armour {Archmagi, Int+3 Clar}
rPois    +         Spirit   +   u - -2 hat of the Alchemist {rElec rPois rF+ rC+ rN+ MR+ rMut rCorr}
rElec    +         Reflect  +   m - +2 cloak
rCorr    +         Harm     .   c - +0 pair of gloves "Taclem" {MR+ Int+3 Stlth+}
rMut     +         Clarity  +   (boots unavailable)
MR       ++++.                  b - amulet of Vitality {Regen+ HP+15}
Stlth    ..........             e - ring "Vebatt" {rN+ MR- Str+7 Slay+3}
HPRegen  0.87/turn              t - ring "Tiduax" {Wiz rPois Dex+3 Stlth+}
MPRegen  0.48/turn

@: marked, slowed, studying 2 skills, very slow
A: reduced essence, talons 3, molten scales 3, blurry vision 1, low mp 1, magic
resistance 1, negative energy resistance 1, poison resistance, spiny 3, 50%
torment resistance, magic shield, magic regeneration, magic link, black mark,
subdued magic 1
}: 3/15 runes: decaying, serpentine, silver
a: Recall Ancestor, Ancestor Identity, Transference, Idealise, Renounce Religion


You were on level 5 of the Realm of Zot.
You worshipped Hepliaklqana.
Hepliaklqana was exalted by your worship.
You were not hungry.

You visited 12 branches of the dungeon, and saw 54 of its levels.
You also visited: Trove and Volcano.

You collected 9397 gold pieces.
You spent 5122 gold pieces at shops.

Inventory:

Hand Weapons
 a - the +9 trident of Tunaloghuog (weapon) {pierce, rF+ Dex+7}
   (You found it on level 3 of the Dungeon)

   It inflicts extra damage upon your enemies.
   It affects your dexterity (+7).
   It protects you from fire.
Missiles
 A - 6 throwing nets (quivered)
Armour
 c - the +0 pair of gloves "Taclem" (worn) {MR+ Int+3 Stlth+}
   (You found it in a treasure trove)

   It affects your intelligence (+3).
   It affects your resistance to hostile enchantments.
   It makes you more stealthy.
 j - a +2 buckler of reflection (worn)
 m - a +2 cloak (worn)
 r - the +8 orange crystal plate armour (worn) {Archmagi, Int+3 Clar}
   (You found it in a treasure trove)

   It affects your intelligence (+3).
   It protects you against confusion.
 u - the -2 hat of the Alchemist (worn) {rElec rPois rF+ rC+ rN+ MR+ rMut rCorr}
   (You found it on level 4 of the Vaults)

   It protects you from fire.
   It protects you from cold.
   It insulates you from electricity.
   It protects you from poison.
   It protects you from negative energy.
   It affects your resistance to hostile enchantments.
   It provides partial protection from all sources of acid and corrosion.
   It protects you from mutation.
Jewellery
 b - the amulet of Vitality (around neck) {Regen+ HP+15}
   (You took it off a deep elf master archer on level 3 of the Elven Halls)

   [amulet of regeneration]

   It affects your health (+15).
   It increases your rate of regeneration.
 e - the ring "Vebatt" (left hand) {rN+ MR- Str+7 Slay+3}
   (You took it off a deep elf death mage on level 3 of the Elven Halls)

   [ring of slaying]

   It affects your strength (+7).
   It affects your accuracy and damage with ranged weapons and melee attacks
   (+3).
   It protects you from negative energy.
   It affects your resistance to hostile enchantments.
 g - an uncursed ring of magical power
 h - the amulet of the Four Winds {rN+ MR+++ Clar}
   (You found it on level 12 of the Dungeon)

   [amulet of nothing]

   It protects you from negative energy.
   It affects your resistance to hostile enchantments.
   It protects you against confusion.
 t - the ring "Tiduax" (right hand) {Wiz rPois Dex+3 Stlth+}
   (You found it on level 1 of the Depths)

   [ring of wizardry]

   It improves your spell success rate.
   It affects your dexterity (+3).
   It protects you from poison.
   It makes you more stealthy.
 N - an uncursed ring of see invisible
Wands
 v - a wand of acid (42)
 z - a wand of scattershot (5)
 K - a wand of digging (29)
 Q - a wand of disintegration (36)
 V - a wand of iceblast (69)
Scrolls
 n - 29 scrolls of remove curse
 s - 7 scrolls of immolation
 D - 8 scrolls of blinking
 F - 14 scrolls of teleportation
 H - 2 scrolls of amnesia
 M - 7 scrolls of fog
 P - 8 scrolls of identify
 U - 7 scrolls of magic mapping
 W - 6 scrolls of fear
 Y - a scroll of summoning
Potions
 d - 4 potions of flight
 i - 4 potions of cancellation
 l - 5 potions of might
 o - a potion of agility
 p - 25 potions of curing
 q - 4 potions of ambrosia
 x - a potion of berserk rage
 B - 2 potions of magic
 G - 3 potions of heal wounds
 I - 5 potions of resistance
 O - 7 potions of lignification
 T - 10 potions of haste
Books
 C - a manual of Translocations
 J - a manual of Evocations
Miscellaneous
 w - 4 phantom mirrors
 E - a lamp of fire (inert)
Comestibles
 f - 57 rations


   Skills:
 + Level 22.0 Fighting
   Level 3.7(13.0) Axes
 * Level 18.5(18.6) Polearms
   Level 0.1 Slings
   Level 0.4 Bows
 - Level 0.1 Throwing
 - Level 23.0 Armour
 - Level 9.0 Dodging
 - Level 0.1 Stealth
 - Level 15.0 Shields
 - Level 12.0 Spellcasting
 - Level 7.0 Hexes
 - Level 1.2 Charms
 - Level 12.0 Necromancy
 - Level 7.5 Translocations
 - Level 13.0 Transmutations
 - Level 1.2 Air Magic
 - Level 14.3 Earth Magic
 * Level 11.1 Invocations
 - Level 6.8 Evocations


You had 22 spell levels left.
You knew the following spells:

 Your Spells              Type           Power        Failure   Level  Hunger
a - Confusing Touch       Hex            ######       1%          1    None
b - Apportation           Tloc           ######       1%          1    None
c - Passwall              Tmut/Erth      ######..     1%          2    None
d - Blink                 Tloc           N/A          1%          2    None
e - Passage of Golubria   Tloc           N/A          6%          4    None
f - Lee's Rapid Deconstr  Erth           ######....   1%          5    ####...
g - Swiftness             Chrm/Air       ###.....     13%         2    None
h - Borgnjor's Vile Clut  Necr/Erth      ######....   1%          5    ####...
i - Statue Form           Tmut/Erth      ######...    8%          6    #####..

Your spell library contained the following spells:

 Spells                   Type           Power        Failure   Level  Hunger
 Animate Skeleton         Necr           N/A          1%          1    None
 Beastly Appendage        Tmut           ######       1%          1    None
 Sandblast                Erth           ######       1%          1    None
 Corpse Rot               Necr           N/A          1%          2    None
 Slow                     Hex            ######..     1%          2    None
 Sticks to Snakes         Tmut           ######..     1%          2    None
 Sublimation of Blood     Necr           ######....   1%          2    None
 Gell's Gravitas          Tloc           ######....   1%          3    None
 Lesser Beckoning         Tloc           ######....   1%          3    None
 Stone Arrow              Conj/Erth      ######       1%          3    None
 Teleport Other           Tloc           ######..     1%          3    None
 Animate Dead             Necr           N/A          1%          4    None
 Leda's Liquefaction      Hex/Erth       ######....   1%          4    None
 Petrify                  Tmut/Erth      ######..     1%          4    None
 Blade Hands              Tmut           ######....   1%          5    ####...
 Confuse                  Hex            ######..     2%          3    None
 Spider Form              Tmut/Pois      #####.....   2%          3    None
 Shroud of Golubria       Chrm/Tloc      #####.....   3%          2    None
 Ensorcelled Hibernation  Hex/Ice        ####..       4%          2    None
 Yara's Violent Unravell  Hex/Tmut       ######....   6%          5    ####...
 Ignite Poison            Fire/Tmut/Pois #####...     7%          3    None
 Cause Fear               Hex            ######....   8%          4    None
 Recall                   Summ/Tloc      N/A          9%          3    None
 Ice Form                 Ice/Tmut       #####...     9%          4    None
 Dazzling Spray           Conj/Hex       ####..       10%         3    None
 Summon Guardian Golem    Hex/Summ       ####....     10%         3    None
 Hydra Form               Tmut           ######....   10%         6    #####..
 Shock                    Conj/Air       ###.         11%         1    None
 Freeze                   Ice            ###.         13%         1    None
 Magic Dart               Conj           ###.         13%         1    None
 Summon Butterflies       Summ           ###.....     13%         1    None
 Summon Small Mammal      Summ           ###.         13%         1    None
 Poisonous Vapours        Pois/Air       ###...       16%         2    None
 Death Channel            Necr           ######....   16%         6    #####..
 Call Imp                 Summ           ###.....     21%         2    None
 Searing Ray              Conj           ###...       21%         2    None
 Alistair's Intoxication  Tmut/Pois      #####...     26%         5    ####...
 Irradiate                Conj/Tmut      #####.....   26%         5    ####...
 Force Lance              Conj/Tloc      ####....     28%         4    None
 Ozocubu's Armour         Chrm/Ice       ###.....     32%         3    None
 Static Discharge         Conj/Air       ###.....     32%         3    None
 Fulminant Prism          Conj/Hex       ####......   32%         4    None
 Mephitic Cloud           Conj/Pois/Air  ###.....     34%         3    None
 Call Canine Familiar     Summ           ###.....     38%         3    None
 Conjure Flame            Conj/Fire      ###.....     38%         3    None
 Bolt of Magma            Conj/Fire/Erth #####.....   45%         5    ####...
 Dragon Form              Tmut           ######....   47%         7    #######
 Silence                  Hex/Air        #####.....   56%         5    ####...
 Summon Forest            Summ/Tloc      ####......   61%         5    ####...
 Airstrike                Air            ###.......   63%         4    None
 Metabolic Englaciation   Hex/Ice        ####......   65%         5    ####...
 Summon Mana Viper        Hex/Summ       ####....     65%         5    ####...
 Summon Lightning Spire   Summ/Air       ###.....     71%         4    None
 Iron Shot                Conj/Erth      ######....   71%         6    #####..
 Darkness                 Hex            ######....   73%         6    #####..
 Invisibility             Hex            ######..     73%         6    #####..
 Iskenderun's Mystic Bla  Conj           ###.....     77%         4    None
 Summon Ice Beast         Ice/Summ       ###.....     77%         4    None
 Simulacrum               Ice/Necr       #####.....   86%         6    #####..
 Iskenderun's Battlesphe  Conj/Chrm      ###.....     95%         5    ####...
 Lightning Bolt           Conj/Air       ###.......   95%         5    ####...
 Aura of Abjuration       Summ           ###.......   98%         5    ####...
 Fireball                 Conj/Fire      ###.......   98%         5    ####...
 Summon Demon             Summ           ###.......   98%         5    ####...
 Venom Bolt               Conj/Pois      ###.......   98%         5    ####...
 Bolt of Cold             Conj/Ice       ###.......   100%        6    #####..
 Bolt of Fire             Conj/Fire      ###.......   100%        6    #####..
 Conjure Ball Lightning   Conj/Air       ###.......   100%        6    #####..
 Deflect Missiles         Chrm/Air       ###.......   100%        6    #####..
 Freezing Cloud           Conj/Ice/Air   ###.......   100%        6    #####..
 Ozocubu's Refrigeration  Ice            ###.......   100%        6    #####..
 Shadow Creatures         Summ           N/A          100%        6    #####..
 Orb of Destruction       Conj           ###.......   100%        7    #######
 Ring of Flames           Chrm/Fire      ###.......   100%        7    #######
 Spellforged Servitor     Conj/Summ      ###.......   100%        7    #######
 Summon Hydra             Summ           ###.......   100%        7    #######
 Discord                  Hex            ######....   100%        8    #######
 Ignition                 Fire           ###.......   100%        8    #######
 Shatter                  Erth           ######....   100%        9    #######
 Tornado                  Air            ###.......   100%        9    #######


Dungeon Overview and Level Annotations

Branches:
Dungeon (15/15)            Temple (1/1) D:6            Lair (6/6) D:10
  Swamp (4/4) Lair:2        Snake (4/4) Lair:2        Slime (0/5) Lair:6
    Orc (2/2) D:11            Elf (3/3) Orc:2        Vaults (5/5) D:14
  Crypt (3/3) Vaults:2       Tomb (1/3) Crypt:3      Depths (5/5) D:15
    Zot (5/5) Depths:5

Altars:
Ashenzari
Cheibriados
Dithmenos
Elyvilon
Fedhas
Gozag
Hepliaklqana
Kikubaaqudgha
Makhleb
Nemelex Xobeh
Okawaru
Qazlal
Ru
Sif Muna
Trog
Uskayaw
Vehumet
Wu Jian
Xom
Yredelemnul
Zin
The Shining One
Jiyva

Shops:
D:7 *   D:13 !   D:14 :   Orc:2 *!((   Snake:2 !   Snake:4 :   Vaults:1 ?
Vaults:3 :   Vaults:4 ?   Depths:1 *=   Depths:4 :

Portals:
Hell: Depths:1 Depths:2 Depths:3 Depths:4 Depths:5
Abyss: Depths:1 Depths:4 Depths:5
Pandemonium: Depths:1 Depths:3 Depths:5
Ziggurat: Depths:2

Annotations:
D:3 Killmatronix's ghost, amateur GrWn
D:11 exclusion: downstairs
D:14 exclusion: downstairs
Lair:6 1 runed door
Swamp:1 1 runed door, bli's ghost, adept MfMo
Elf:2 5 runed doors
Crypt:1 3 runed doors, Funu's ghost, adept GrFi; Hah Honi's ghost, adept GrFi
Depths:5 4 runed doors


Innate Abilities, Weirdness & Mutations

You have claws for feet.
You are completely covered in molten scales. (AC +4, rF+)
You resist negative energy. (rN+)
You are completely covered in sharp spines.
You are somewhat able to resist unholy torments (1 in 2 success).
When hurt, damage is shared between your health and your magic reserves.
You regenerate magic rapidly.
When low on magic, you restore magic in place of health.
Your melee attacks may debilitate your foes.
Your life essence is reduced to manifest your ancestor. (-10% HP)
Scrolls take you a little longer to read.
Your magical capacity is low. (-10% MP)
You are resistant to hostile enchantments. (MR+)
Your system is resistant to poisons. (rPois)
Your spells are a little easier to cast, but a little less powerful.


Message History

You block the death cob's attack.
The Orb Guardian is struck by your spines.
The Orb Guardian hits you but does no damage. x2
You block the Orb Guardian's attack. The death cob is struck by your spines.
The death cob hits you but does no damage.
You begin reading the scroll.
You continue reading the scroll.
The death cob hits you but does no damage. x3
The death cob is struck by your spines.
The death cob hits you but does no damage.
You block the Orb Guardian's attack. The Orb Guardian hits you!
* * * LOW HITPOINT WARNING * * *
The Orb Guardian hits you but does no damage.
The death cob is struck by your spines.
The death cob hits you but does no damage.
The Orb Guardian is struck by your spines.
The Orb Guardian misses you. You block the death cob's attack.
You block the Orb Guardian's attack. The Orb Guardian hits you!!
* * * LOW HITPOINT WARNING * * *
You block the Orb Guardian's attack. The Orb Guardian hits you!!
You die...

.# ##.....#
#.......###### ##
#....#####.##...## #
##.⌠....#..###..#
######.........###..#
..........####..##..#
####▓▓▓▓################
...# ##.$............#
..## ##...^...XzX......#
..# ##.^....^X*@X^......
.## #....^....zzX.......
.# #.......[^.^........
.## #.......f...........
..# #.^.......^.^.......
..## #...^.^...........^.
...###..........^....^...
#...###...^...).X..^.$...
##.§..##......$...^...X.#


You could see an orb of fire, a tentacled monstrosity, a curse toe, 2 death
cobs, 5 Orb Guardians and a deathcap.

Vanquished Creatures
  5 ancient liches
  4 orbs of fire
  4 juggernauts
  Sojobo (Depths:2)
  3 greater mummies (Tomb:1)
  3 Killer Klowns
  3 caustic shrikes (Depths:2)
  6 golden dragons
  2 bone dragons
  4 liches
  3 electric golems
  18 tentacled monstrosities
  13 Orb Guardians (Zot:5)
  2 deep elf blademasters
  7 titans
  4 quicksilver dragons
  4 deep elf master archers (Elf:3)
  2 ancient champions (Crypt:2)
  14 sphinxes
  Agnes (D:14)
  12 death cobs
  Gastronok (Lair:3)
  4 thorn hunters
  8 tengu reavers
  7 draconian monks
  8 nagarajas
  15 storm dragons
  5 shadow dragons
  3 revenants
  Roxanne (Elf:1)
  2 iron dragons (Vaults:5)
  6 deep elf sorcerers
  3 draconian knights
  8 fire giants
  2 juggernaut zombies (Depths:1)
  12 frost giants
  A spectral juggernaut (Depths:1)
  4 draconian scorchers
  An orc warlord (Orc:2)
  10 vault wardens
  Louise (Swamp:1)
  A ghost moth (Zot:5)
  A ghoul (Crypt:2)
  3 draconian shifters
  A cacodemon (Depths:1)
  2 curse skulls
  A large abomination (Vaults:1)
  A caustic shrike skeleton (Depths:4)
  3 deep elf elementalists
  16 ironheart preservers
  5 war gargoyles
  6 draconian stormcallers
  19 stone giants
  3 draconian annihilators
  25 very ugly things
  5 bennus (Tomb:1)
  2 entropy weavers
  13 yellow draconians
  8 deep elf demonologists
  10 green draconians
  13 black draconians
  9 vampire knights
  The ghost of Xanleava the Nimble, a journeyman SpBe of Trog (D:15)
  12 purple draconians
  2 spectral titans
  A lorocyproca (Depths:5)
  7 spark wasps
  9 red draconians
  5 deep elf annihilators
  12 white draconians
  2 crystal guardians
  15 ettins
  8 jiangshi
  6 mummy priests (Tomb:1)
  11 deep elf death magi
  2 deep elf high priests
  3 eidola (Crypt:2)
  The ghost of Yheosepp the Carver, a journeyman HuGl of Uskayaw (Lair:2)
  15 ogre magi
  13 fire dragons
  8 rakshasas
  14 yaktaur captains
  6 great orbs of eyes
  A monstrous demonspawn (Depths:1)
  Harold (D:8)
  24 vault guards (Vaults:5)
  15 ice dragons
  20 hydras
  A hell beast (Depths:3)
  3 spriggan air magi
  15 naga warriors
  2 shambling mangroves
  35 two-headed ogres
  12 centaur warriors
  8 anacondas
  13 dancing weapons
  8 deep troll shamans
  8 alligators
  5 death knights
  3 orc high priests
  4 tengu warriors
  2 spectral stone giants
  3 death yaks (Lair:3)
  7 vampire magi
  2 titan zombies (Depths:1)
  13 naga sharpshooters
  12 deep troll earth magi
  3 spriggan berserkers
  7 shock serpents
  14 hell knights
  Urug (D:10)
  17 deep elf knights
  Sonja (Lair:3)
  A sun demon (Depths:3)
  Nergalle (Lair:4)
  2 soul eaters (Crypt:1)
  A storm dragon zombie (Crypt:3)
  The ghost of gruber the Whirler, a novice HaHu of Okawaru (D:9)
  A titan skeleton (Crypt:3)
  30 skeletal warriors
  A sixfirhy (Depths:5)
  A fire crab (Swamp:4)
  5 salamander mystics
  An iron troll (Depths:2)
  A golden dragon zombie (Depths:3)
  3 sea snakes (Snake:1)
  2 storm dragon skeletons (Depths:4)
  2 infernal demonspawn (Depths:1)
  3 unseen horrors
  20 deep trolls
  17 deep elf archers
  A torturous demonspawn (Depths:3)
  9 flayed ghosts
  6 swamp dragons
  20 orc knights
  2 lindwurms (Swamp:4)
  3 naga ritualists
  A spriggan druid (Swamp:3)
  14 wizards
  4 glowing orange brains
  16 ironbrand convokers
  Pikel (D:5)
  10 harpies (Vaults:2)
  10 phantasmal warriors
  55 deep elf magi
  A shadow dragon zombie (Vaults:5)
  3 wolf spiders
  A golden dragon skeleton (Tomb:1)
  A harpy (shapeshifter) (D:9)
  A tengu skeleton (Vaults:3)
  5 mana vipers
  A mana viper (shapeshifter) (Depths:4)
  14 orc sorcerers
  58 ugly things
  7 necromancers
  2 manticores
  A shadow dragon skeleton (Vaults:5)
  2 frost giant zombies (Crypt:3)
  2 iron dragon skeletons
  9 salamanders
  2 stone giant zombies (Crypt:3)
  24 moths of wrath
  5 toenail golems (Volcano)
  10 fire giant skeletons (Crypt:3)
  A stone giant skeleton (Crypt:2)
  9 elephants
  2 rust devils
  8 guardian serpents
  9 cyclopes
  A black mamba (shapeshifter) (Depths:2)
  Maurice (Orc:2)
  2 titan simulacra (Depths:1)
  4 frost giant skeletons
  15 vault sentinels
  23 black mambas
  11 spiny frogs
  13 naga magi
  4 gargoyles (Crypt:3)
  An orange demon (Depths:1)
  A storm dragon simulacrum (Crypt:2)
  A rime drake (Lair:4)
  7 komodo dragons
  71 yaktaurs
  An iron troll zombie (Crypt:1)
  A yaktaur (shapeshifter) (Vaults:1)
  7 guardian mummies (Tomb:1)
  An efreet (D:13)
  2 purple draconian skeletons
  13 freezing wraiths
  2 grey draconian skeletons
  A golden dragon simulacrum (Depths:2)
  2 meliai (D:15)
  A hellwing (Depths:1)
  An ice devil (Depths:5)
  4 trolls
  5 tengu conjurers
  A jumping spider (Vaults:3)
  7 polar bears (Lair:6)
  A merfolk (shapeshifter) (Depths:2)
  8 tyrant leeches
  17 hornets
  A hydra skeleton (Crypt:3)
  27 slime creatures
  6 dream sheep (Lair:6)
  21 blink frogs
  8 hippogriffs
  6 bog bodies
  2 stone giant simulacra (Depths:1)
  2 ettin zombies (Crypt:3)
  2 raiju (shapeshifter) (Depths:2)
  An alligator zombie (Crypt:1)
  2 human simulacra (Vaults:3)
  28 flying skulls
  An air elemental (Elf:3)
  6 fire dragon skeletons (Crypt:3)
  4 redbacks
  2 tarantellas (shapeshifter)
  2 elf skeletons
  14 wraiths
  4 shadows
  A tarantella (Vaults:4)
  4 ushabtiu (Tomb:1)
  4 water elementals
  A basilisk (shapeshifter) (D:9)
  31 spriggans
  9 vampires
  3 wyverns
  A human (shapeshifter) (Vaults:4)
  23 yaks
  5 basilisks
  3 fire bats (Lair:1)
  2 fire elementals
  2 steam dragons (Swamp:4)
  2 hogs (shapeshifter)
  3 golden eyes (shapeshifter)
  19 vampire mosquitoes
  4 hungry ghosts
  A chaos spawn (Depths:3)
  3 neqoxecs (D:9)
  14 swamp worms
  2 torturous demonspawn zombies
  Edmund (D:5)
  24 insubstantial wisps
  6 wargs
  A soldier ant (D:13)
  4 acid dragons
  A naga (shapeshifter) (Vaults:5)
  42 nagas
  9 water moccasins
  8 porcupines
  A floating eye (shapeshifter) (Vaults:3)
  A meliai simulacrum (D:15)
  13 swamp drakes
  30 orc warriors
  An ice beast (shapeshifter) (D:9)
  An eye of draining (D:12)
  4 ice beasts
  3 sky beasts
  A black bear (shapeshifter) (Vaults:2)
  An elf zombie (Vaults:3)
  2 ettin simulacra
  2 necrophages
  5 black bears
  A phantom (D:10)
  35 wolves
  An eye of draining (shapeshifter) (Vaults:4)
  36 ogres
  11 boggarts
  12 centaurs
  2 human skeletons
  13 crocodiles
  4 big kobolds
  A human zombie (Vaults:3)
  20 bullfrogs
  3 earth elementals (Elf:3)
  A deep troll simulacrum (Vaults:2)
  5 scorpions
  A wyvern skeleton (D:7)
  10 hexers
  An elf simulacrum (Vaults:5)
  9 howler monkeys
  6 wights
  6 electric eels
  3 bullfrog zombies
  10 crimson imps
  4 centaur zombies
  A lava snake (Swamp:4)
  6 quasits
  3 centaur skeletons
  18 orc priests
  8 hounds
  7 jellies
  31 orc wizards
  A gnoll shaman (D:7)
  An iguana (shapeshifter) (Vaults:5)
  2 iron imps (Depths:1)
  Terence (D:2)
  Jessica (D:2)
  2 bullfrog skeletons
  A porcupine zombie (Crypt:1)
  6 iguanas
  11 worker ants
  A killer bee zombie (D:8)
  An ogre zombie (Crypt:3)
  A hound skeleton (D:4)
  7 mummies (Tomb:1)
  A worker ant zombie (D:9)
  A howler monkey skeleton (D:4)
  16 adders
  6 gnolls
  A steam dragon zombie (Crypt:2)
  A scorpion zombie (Crypt:2)
  A shadow imp (Depths:1)
  A white imp (Depths:1)
  2 oozes
  2 adder zombies
  2 adder skeletons
  A worm (D:2)
  3 dart slugs
  7 leopard geckos
  73 orcs
  5 giant cockroaches
  8 goblins
  4 hobgoblins
  8 jackals
  3 quokkas
  3 ball pythons
  14 bats
  4 frilled lizards
  A frilled lizard skeleton (Crypt:1)
  A frilled lizard zombie (Crypt:1)
  13 kobolds
  A quokka zombie (D:2)
  6 rats
  2 rat skeletons
  A briar patch (Swamp:2)
2364 creatures vanquished.

Vanquished Creatures (collateral kills)
  An ancient lich (Zot:5)
  A golden dragon (Zot:3)
  2 tentacled monstrosities (Zot:1)
  2 liches
  A death cob (Zot:5)
  A sphinx (Depths:2)
  2 draconian monks
  A storm dragon (Zot:3)
  2 fire giants
  3 frost giants
  A juggernaut zombie (Depths:1)
  A draconian shifter (Zot:3)
  6 stone giants
  A reaper (Crypt:2)
  2 very ugly things
  A spriggan defender (Depths:3)
  2 black draconians
  A bennu (Tomb:1)
  A deep elf demonologist (Elf:3)
  A green draconian (Zot:1)
  A deep elf annihilator (Elf:3)
  2 white draconians
  3 red draconians
  3 spark wasps
  A yellow draconian (Zot:1)
  A deep elf death mage (Elf:3)
  An eidolon (Crypt:2)
  An ettin (Depths:2)
  A deep elf high priest (Elf:3)
  A mummy priest (Tomb:1)
  2 fire dragons
  A rakshasa (Depths:2)
  2 yaktaur captains
  A quicksilver dragon skeleton (Depths:4)
  3 naga warriors
  A spriggan air mage (Depths:2)
  An ice dragon (Vaults:1)
  A centaur warrior (Vaults:2)
  A two-headed ogre (shapeshifter) (Depths:5)
  A death knight (Crypt:1)
  3 dancing weapons
  An alligator (Swamp:2)
  8 two-headed ogres
  3 tengu warriors
  3 naga sharpshooters
  4 spriggan berserkers
  An orc high priest (Orc:2)
  2 hell knights (Depths:3)
  2 deep elf knights
  A shock serpent (Snake:4)
  2 skeletal warriors
  An iron giant zombie (Crypt:2)
  A salamander mystic (Snake:4)
  A glowing orange brain (D:9)
  2 ironbrand convokers (Vaults:2)
  A swamp dragon (Swamp:3)
  A mana viper (Snake:4)
  An orc knight (Orc:1)
  6 deep elf magi
  6 ugly things
  2 salamanders (Snake:2)
  Joseph (D:7)
  A black mamba (Lair:2)
  An elephant (Lair:5)
  A naga mage (Snake:4)
  A spiny frog (Swamp:4)
  A fire giant skeleton (Crypt:3)
  A spriggan skeleton (Depths:3)
  A frost giant skeleton (Crypt:3)
  A freezing wraith (Crypt:2)
  7 yaktaurs
  A meliai (D:15)
  2 trolls
  Prince Ribbit (Lair:3)
  2 tyrant leeches (Swamp:3)
  5 blink frogs
  7 hornets
  5 slime creatures
  A bog body (Swamp:3)
  A hippogriff (Lair:3)
  A flying skull (Crypt:2)
  An air elemental (Elf:2)
  A spriggan (Depths:3)
  2 wraiths
  An ushabti (Tomb:1)
  A black mamba skeleton (Crypt:3)
  2 yaks
  A fire elemental (Elf:2)
  A warg (Vaults:5)
  A swamp worm (Swamp:1)
  2 insubstantial wisps (Swamp:1)
  8 nagas
  2 swamp drakes
  4 orc warriors
  A centaur (Vaults:3)
  3 wolves
  An earth elemental (Elf:1)
  A wight (Crypt:2)
  A jelly (Lair:3)
  An orc priest (Orc:2)
  3 orc wizards
  A worker ant (D:8)
  2 gnolls
  12 orcs
  A kobold (D:12)
  A briar patch (Swamp:2)
  A fungus (Lair:1)
  2 plants (Lair:3)
214 creatures vanquished.

Vanquished Creatures (others)
  A tengu reaver (Depths:2)
  A draconian annihilator (Zot:1)
  A stone giant (Depths:2)
  A red draconian (Zot:1)
  2 two-headed ogres
  A swamp dragon (Swamp:4)
  2 necromancers
  A vault sentinel (Vaults:3)
  4 yaktaurs (Depths:3)
  A tengu conjurer (Depths:2)
  A water elemental (Elf:1)
  A steam dragon (Swamp:4)
  3 swamp drakes (Swamp:4)
  A slave (D:5)
  A centaur skeleton (D:5)
  77 hexers
  An orc wizard (Orc:2)
  An ancestor (D:8)
  A hound skeleton (D:5)
  A leopard gecko (D:5)
  A jackal zombie (D:5)
  20 fungi
  5 plants
  4 withered plants (Crypt:1)
133 creatures vanquished.

Grand Total: 2711 creatures vanquished

Notes
Turn   | Place    | Note
-------+----------+-------------------------------------------
     0 | D:1      | Trolley the Demonspawn Fighter began the quest for the Orb.
     0 | D:1      | Reached XP level 1. HP: 18/18 MP: 1/1
   293 | D:1      | Gained mutation: You are partially covered in molten
                  | scales. (AC +2) [demonic ancestry]
   293 | D:1      | Reached XP level 2. HP: 18/24 MP: 2/2
   880 | D:1      | Reached XP level 3. HP: 29/29 MP: 3/3
  1311 | D:2      | Reached skill level 3 in Armour
  1311 | D:2      | Reached XP level 4. HP: 35/35 MP: 4/4
  1335 | D:2      | Noticed Jessica
  1351 | D:2      | Killed Jessica
  1755 | D:2      | Noticed Terence
  1763 | D:2      | Killed Terence
  1863 | D:2      | Gained mutation: When hurt, damage is shared between your
                  | health and your magic reserves. [demonic ancestry]
  1863 | D:2      | Reached XP level 5. HP: 41/41 MP: 5/5
  2621 | D:3      | Found a runed door.
  2662 | D:3      | Noticed Killmatronix's ghost (amateur GrWn)
  3072 | D:3      | Got an encrusted trident
  3076 | D:3      | Got a smelly scale mail
  3101 | D:3      | Identified the +6 scale mail of Ushreusa {rF+ Str+2} (You
                  | found it on level 3 of the Dungeon)
  3101 | D:3      | Identified the +9 trident of Tunaloghuog {pierce, rF+
                  | Dex+7} (You found it on level 3 of the Dungeon)
  3303 | D:4      | Reached skill level 1 in Polearms
  3306 | D:4      | Gained mutation: You are mostly covered in molten scales.
                  | (AC +3) [demonic ancestry]
  3306 | D:4      | Reached XP level 6. HP: 34/48 MP: 6/6
  3498 | D:4      | Found a shadowy altar of Dithmenos.
  3508 | D:4      | You fall through a shaft!
  3508 | D:5      | Entered Level 5 of the Dungeon
  3508 | D:5      | Noticed Pikel
  3508 | D:5      | Noticed a slave
  3509 | D:5      | Noticed a slave
  3509 | D:5      | Noticed a slave
  3509 | D:5      | Noticed a slave
  3517 | D:5      | Killed Pikel
  3517 | D:5      | Reached skill level 4 in Armour
  3517 | D:5      | Reached XP level 7. HP: 52/54 MP: 7/7
  3720 | D:5      | Noticed Edmund
  3736 | D:5      | Killed Edmund
  3736 | D:5      | Reached skill level 5 in Polearms
  3736 | D:5      | Gained mutation: You are partially covered in sharp spines.
                  | [demonic ancestry]
  3736 | D:5      | Reached XP level 8. HP: 53/61 MP: 6/8
  4815 | D:6      | Found a staircase to the Ecumenical Temple.
  5128 | Temple   | Entered the Ecumenical Temple
  5352 | Temple   | Became a worshipper of Hepliaklqana the Forgotten
  5421 | D:7      | Found Mattul's Assorted Antiques.
  5446 | D:7      | Noticed Joseph
  5469 | D:7      | Killed Joseph
  5469 | D:7      | Gained mutation: You have sharp toenails. [demonic
                  | ancestry]
  5469 | D:7      | Reached XP level 9. HP: 60/60 MP: 9/9
  5585 | D:7      | Reached skill level 5 in Fighting
  5650 | D:7      | Reached skill level 5 in Armour
  5976 | D:7      | Reached * piety under Hepliaklqana
  6045 | D:8      | Noticed Harold
  6062 | D:8      | Killed Harold
  6104 | D:8      | Reached skill level 5 in Shields
  6292 | D:8      | Found a blossoming altar of Fedhas.
  6322 | D:8      | Reached skill level 10 in Polearms
  6441 | D:8      | Gained mutation: You are completely covered in molten
                  | scales. (AC +4, rF+) [demonic ancestry]
  6441 | D:8      | Reached XP level 10. HP: 67/67 MP: 10/10
  6813 | D:8      | Reached ** piety under Hepliaklqana
  6814 | D:8      | Remembered your ancestor Sunngifu as a hexer
  7244 | D:9      | Noticed a two-headed ogre
  7250 | D:9      | Killed a two-headed ogre
  7454 | D:9      | Noticed a cyclops
  7463 | D:9      | Killed a cyclops
  7643 | D:9      | Found a runed gate.
  7643 | D:9      | Noticed a white ugly thing
  7644 | D:9      | Found a runed gate.
  7644 | D:9      | Noticed a red very ugly thing
  7644 | D:9      | Noticed a white ugly thing
  7645 | D:9      | Found a runed gate.
  7645 | D:9      | Noticed a purple ugly thing
  7645 | D:9      | Noticed a glowing orange brain
  7646 | D:9      | Noticed a cyan ugly thing
  7646 | D:9      | Noticed a purple ugly thing
  7804 | D:10     | Entered Level 10 of the Dungeon
  7838 | D:10     | Reached skill level 6 in Armour
  8046 | D:10     | Got a faintly glowing leather armour
  8047 | D:10     | Identified the +1 leather armour "Giomp" {+Fly rPois Str+3
                  | Int-2} (You found it on level 10 of the Dungeon)
  8104 | D:10     | Reached XP level 11. HP: 73/74 MP: 11/11
  8107 | D:10     | Found a staircase to the Lair.
  8161 | D:10     | Noticed Urug
  8180 | D:10     | Killed Urug
  8226 | D:10     | Noticed an unseen horror
  8228 | D:10     | Killed an unseen horror
  8241 | D:10     | Learned a level 1 spell: Confusing Touch
  8648 | D:11     | Found a staircase to the Orcish Mines.
  8813 | D:11     | Reached *** piety under Hepliaklqana
  9137 | D:11     | Noticed a two-headed ogre
  9142 | D:11     | Killed a two-headed ogre
  9477 | D:12     | Noticed a red ugly thing
  9481 | D:12     | Noticed a skeletal warrior
  9486 | D:12     | Killed a red ugly thing
  9490 | D:12     | Noticed a skeletal warrior
  9494 | D:12     | Noticed a skeletal warrior
  9506 | D:12     | Killed a skeletal warrior
  9509 | D:12     | Killed a skeletal warrior
  9517 | D:12     | Killed a skeletal warrior
  9641 | D:12     | Found a blossoming altar of Fedhas.
  9643 | D:12     | Noticed a purple ugly thing
  9654 | D:12     | Killed a purple ugly thing
  9694 | D:12     | Reached XP level 12. HP: 81/81 MP: 12/12
  9779 | D:12     | Reached skill level 7 in Armour
  9981 | D:12     | Noticed an ogre mage
  9981 | D:12     | Noticed a death knight
  9981 | D:12     | Noticed a seven-headed hydra
  9991 | D:12     | Killed a seven-headed hydra
 10207 | D:12     | Killed an ogre mage
 10270 | D:12     | Found the amulet of the Four Winds {rN+ MR+++ Clar}
 10271 | D:12     | Got a scorched war axe
 10274 | D:12     | Identified the +7 war axe of a volcano {vamp, -Tele rF-
                  | Int+4 Dex+4} (You found it on level 12 of the Dungeon)
 10363 | D:13     | Reached **** piety under Hepliaklqana
 10424 | D:13     | Reached skill level 8 in Armour
 10786 | D:13     | Found Rediomui's Distillery.
 10791 | D:13     | Bought a potion of heal wounds for 85 gold pieces
 10791 | D:13     | Bought a potion of heal wounds for 85 gold pieces
 10791 | D:13     | Bought a potion of agility for 68 gold pieces
 10791 | D:13     | Bought a potion of heal wounds for 85 gold pieces
 10791 | D:13     | Gained mutation: Your body sometimes deteriorates upon
                  | taking damage. [potion of mutation]
 10791 | D:13     | Gained mutation: You are robust. (+10% HP) [potion of
                  | mutation]
 10792 | D:13     | Lost mutation: You are robust. (+10% HP) [potion of
                  | mutation]
 10792 | D:13     | Lost mutation: Your body sometimes deteriorates upon taking
                  | damage. [potion of mutation]
 10792 | D:13     | Gained mutation: You have a pair of small horns on your
                  | head. [potion of mutation]
 10792 | D:13     | Gained mutation: Your mind is acute. (Int +2) [potion of
                  | mutation]
 11205 | D:13     | Noticed a centaur warrior
 11215 | D:13     | Killed a centaur warrior
 11617 | D:13     | Found a portal to a secret trove of treasure.
 11699 | D:14     | Identified a scroll of acquirement
 11858 | D:14     | Found Wovvypa's Book Shop.
 12033 | D:14     | Reached skill level 9 in Armour
 12035 | D:14     | Reached skill level 1 in Hexes
 12059 | D:14     | Reached skill level 1 in Spellcasting
 12077 | D:14     | Found a gate to the Vaults.
 12077 | D:14     | Noticed an ironheart preserver
 12092 | D:14     | Killed an ironheart preserver
 12105 | D:14     | Noticed a centaur warrior
 12117 | D:14     | Killed a centaur warrior
 12117 | D:14     | Gained mutation: You have razor-sharp toenails. [demonic
                  | ancestry]
 12117 | D:14     | Reached XP level 13. HP: 66/92 MP: 11/15
 12409 | D:14     | Reached ***** piety under Hepliaklqana
 12804 | D:15     | Entered Level 15 of the Dungeon
 12810 | D:15     | Reached skill level 10 in Fighting
 13665 | D:15     | Reached skill level 10 in Armour
 13667 | D:15     | Noticed Agnes
 13690 | D:14     | Killed Agnes
 14316 | D:15     | Found a staircase to the Depths.
 14781 | Lair:1   | Entered Level 1 of the Lair of Beasts
 15085 | Lair:1   | Found a dark tunnel.
 15094 | Volcano  | Entered a volcano
 15162 | Volcano  | Gained mutation: You have claws for feet. [demonic
                  | ancestry]
 15162 | Volcano  | Reached XP level 14. HP: 101/101 MP: 20/20
 15198 | Volcano  | Reached skill level 5 in Hexes
 15626 | Lair:1   | Found a deep blue altar of Sif Muna.
 15859 | Lair:2   | Found a staircase to the Swamp.
 15873 | Lair:2   | Reached skill level 5 in Spellcasting
 16275 | Lair:2   | Reached skill level 10 in Shields
 16362 | Lair:2   | Found a staircase to the Snake Pit.
 16901 | Lair:3   | Noticed Prince Ribbit
 16915 | Lair:3   | Killed Prince Ribbit
 16968 | Lair:3   | Found a runed gate.
 16968 | Lair:3   | Found a runed gate.
 16968 | Lair:3   | Found a runed gate.
 17254 | Lair:3   | Noticed Sonja
 17269 | Lair:3   | Killed Sonja
 17629 | Lair:3   | Noticed Gastronok
 17640 | Lair:3   | Killed Gastronok
 17975 | Lair:3   | Found a viscous altar of Jiyva.
 17975 | Lair:3   | Noticed Yheosepp's ghost (journeyman HuGl)
 18127 | Lair:4   | Reached ****** piety under Hepliaklqana
 18377 | Lair:4   | Noticed Nergalle
 18390 | Lair:4   | Killed Nergalle
 18690 | Lair:4   | Reached XP level 15. HP: 85/109 MP: 17/24
 18693 | Lair:4   | Learned a level 1 spell: Apportation
 19290 | Lair:5   | Reached skill level 1 in Translocations
 19932 | Lair:6   | Entered Level 6 of the Lair of Beasts
 20009 | Lair:6   | Reached skill level 1 in Invocations
 20148 | Lair:6   | Found a runed door.
 20152 | Lair:6   | Found a viscous altar of Jiyva.
 20158 | Lair:6   | Found a staircase to the Slime Pits.
 21193 | Orc:1    | Entered Level 1 of the Orcish Mines
 21317 | Orc:2    | Entered Level 2 of the Orcish Mines
 21465 | Orc:2    | Noticed an orc warlord
 21513 | Orc:2    | Killed an orc warlord
 21663 | Orc:2    | Noticed Maurice
 21680 | Orc:2    | Killed Maurice
 21896 | Orc:2    | Found a staircase to the Elven Halls.
 21985 | Orc:2    | Found Wuorch's Weapon Emporium.
 22015 | Orc:2    | Reached skill level 5 in Invocations
 22391 | Orc:2    | Found Caepesit's Antique Weapon Shop.
 22397 | Orc:2    | Bought a jewelled trident for 314 gold pieces
 22397 | Orc:2    | Identified the cursed +0 trident "Pennipor" {drain, Stlth+}
                  | (You bought it in a shop on level 2 of the Orcish Mines)
 22401 | Orc:2    | Found Luyq's Distillery.
 22403 | Orc:2    | Found Ciuph's Assorted Antiques.
 22409 | Orc:2    | Bought a potion of heal wounds for 80 gold pieces
 22409 | Orc:2    | Bought a potion of mutation for 128 gold pieces
 22411 | Orc:2    | Bought a wand of digging (5) for 264 gold pieces
 22411 | Orc:2    | Bought a scroll of magic mapping for 115 gold pieces
 22709 | Orc:2    | Lost mutation: Your mind is acute. (Int +2) [potion of
                  | mutation]
 22709 | Orc:2    | Lost mutation: You have a pair of small horns on your head.
                  | [potion of mutation]
 22709 | Orc:2    | Gained mutation: You expend magic power (3 MP) to
                  | strengthen your wands. [potion of mutation]
 22709 | Orc:2    | Gained mutation: You have a pair of small horns on your
                  | head. [potion of mutation]
 22709 | Orc:2    | Gained mutation: Your flesh is heat resistant. (rF+)
                  | [potion of mutation]
 22716 | Orc:2    | Upgraded the game from 0.23-a0-625-g1d2cd9b to
                  | 0.23-a0-629-gae4348f
 22767 | Elf:1    | Entered Level 1 of the Elven Halls
 23657 | Elf:1    | Identified the cursed +1 bardiche of Zyit {elec, rPois rF+}
 23699 | Elf:1    | Reached skill level 1 in Dodging
 23699 | Elf:1    | Gained mutation: You are mostly covered in sharp spines.
                  | [demonic ancestry]
 23699 | Elf:1    | Reached XP level 16. HP: 118/118 MP: 23/25
 23908 | Elf:1    | Noticed Roxanne
 24077 | Elf:1    | Killed Roxanne
 24493 | Elf:1    | Identified the Catalogue of Battle Magic
 25908 | Elf:2    | Found a huge runed gate.
 25908 | Elf:2    | Found a huge runed gate.
 25908 | Elf:2    | Found a huge runed gate.
 25908 | Elf:2    | Found a huge runed gate.
 25913 | Elf:2    | Found a huge runed gate.
 26391 | Elf:3    | Entered Level 3 of the Elven Halls
 26429 | Elf:3    | Learned a level 2 spell: Passwall
 26803 | Elf:3    | Reached skill level 1 in Transmutations
 26862 | Elf:3    | Reached skill level 1 in Earth Magic
 27468 | Elf:3    | Noticed a deep elf master archer
 27487 | Elf:3    | Killed a deep elf master archer
 27612 | Elf:3    | Noticed a deep elf master archer
 27635 | Elf:3    | Killed a deep elf master archer
 27635 | Elf:3    | Gained mutation: You are completely covered in sharp
                  | spines. [demonic ancestry]
 27635 | Elf:3    | Reached XP level 17. HP: 84/126 MP: 16/26
 27642 | Elf:3    | Noticed a deep elf master archer
 27652 | Elf:3    | Noticed a deep elf blademaster
 27777 | Elf:3    | Noticed a Hell Sentinel
 27985 | Elf:3    | Noticed a deep elf blademaster
 28011 | Elf:2    | Killed a deep elf blademaster
 28156 | Elf:3    | Killed a deep elf blademaster
 28318 | Elf:3    | Identified the ring "Vebatt" {rN+ MR- Str+7 Slay+3}
 28364 | Elf:3    | Killed a deep elf master archer
 28510 | Elf:3    | Reached skill level 5 in Transmutations
 28658 | Elf:3    | Reached skill level 5 in Earth Magic
 28727 | Elf:3    | Noticed an Ice Fiend
 28957 | Elf:3    | Noticed a deep elf master archer
 28979 | Elf:3    | Killed a deep elf master archer
 29152 | Elf:3    | Reached skill level 15 in Fighting
 29359 | Elf:3    | Identified the amulet "Kongoitagg" {Spirit rF+ Dex+6}
 29793 | Elf:3    | Identified the Incunabulum of Creative Beguiling
 29807 | Elf:3    | Identified the Volume of Evolution
 30248 | Depths:1 | Entered Level 1 of the Depths
 30298 | Depths:1 | Found a gateway to Hell.
 30299 | Depths:1 | Found a one-way gate to the infinite horrors of the Abyss.
 30415 | Depths:1 | Found a runed door.
 30698 | Depths:1 | Found a one-way gate leading to the halls of Pandemonium.
 30707 | Depths:1 | Gained mutation: You occasionally shout uncontrollably at
                  | your foes. [a cacodemon]
 30893 | Depths:1 | Got a slimy amber ring
 30895 | Depths:1 | Identified the ring "Tiduax" {Wiz rPois Dex+3 Stlth+} (You
                  | found it on level 1 of the Depths)
 30907 | Depths:1 | Reached XP level 18. HP: 134/134 MP: 29/29
 31220 | Depths:1 | Noticed a lich
 31231 | Depths:1 | Killed a lich
 31588 | Depths:1 | Found Dyug's Assorted Antiques.
 31595 | Depths:1 | Bought a scroll of blinking for 225 gold pieces
 31595 | Depths:1 | Found Osmiyn's Jewellery Boutique.
 31633 | Depths:1 | Noticed Xanleava's ghost (journeyman SpBe)
 32330 | D:15     | Killed Xanleava's ghost
 32642 | Depths:1 | Reached XP level 19. HP: 137/141 MP: 31/31
 33104 | D:9      | Found a runed gate.
 33104 | D:9      | Found a runed gate.
 33106 | D:9      | Found a runed gate.
 33108 | D:9      | Noticed gruber's ghost (novice HaHu)
 33119 | D:9      | Lost mutation: You have a pair of small horns on your head.
                  | [potion of mutation]
 33119 | D:9      | Lost mutation: You expend magic power (3 MP) to strengthen
                  | your wands. [potion of mutation]
 33119 | D:9      | Gained mutation: You expend magic power (3 MP) to
                  | strengthen your wands. [potion of mutation]
 33119 | D:9      | Gained mutation: You are agile. (Dex +2) [potion of
                  | mutation]
 33136 | D:9      | Gained mutation: Your body sometimes deteriorates upon
                  | taking damage. [a neqoxec]
 33165 | D:9      | Killed gruber's ghost
 33189 | D:9      | Lost mutation: Your flesh is heat resistant. (rF+) [potion
                  | of mutation]
 33189 | D:9      | Lost mutation: You expend magic power (3 MP) to strengthen
                  | your wands. [potion of mutation]
 33189 | D:9      | Lost mutation: You occasionally shout uncontrollably at
                  | your foes. [potion of mutation]
 33189 | D:9      | Gained mutation: You are frail. (-10% HP) [potion of
                  | mutation]
 33189 | D:9      | Gained mutation: You are very agile. (Dex +4) [potion of
                  | mutation]
 33190 | D:9      | Lost mutation: Your body sometimes deteriorates upon taking
                  | damage. [potion of mutation]
 33190 | D:9      | Lost mutation: You are frail. (-10% HP) [potion of
                  | mutation]
 33190 | D:9      | Lost mutation: You are very agile. (Dex +4) [potion of
                  | mutation]
 33190 | D:9      | Gained mutation: Your flesh is cold resistant. (rC+)
                  | [potion of mutation]
 33190 | D:9      | Lost mutation: Your flesh is cold resistant. (rC+) [potion
                  | of mutation]
 33190 | D:9      | Gained mutation: You possess an exceptional clarity of
                  | mind. [potion of mutation]
 33458 | Lair:2   | Killed Yheosepp's ghost
 33609 | Snake:1  | Entered Level 1 of the Snake Pit
 34596 | Snake:2  | Found Geptus's Distillery.
 34607 | Snake:2  | Bought a potion of haste for 170 gold pieces
 34607 | Snake:2  | Bought a potion of invisibility for 136 gold pieces
 34607 | Snake:2  | Bought a potion of heal wounds for 85 gold pieces
 34607 | Snake:2  | Bought a potion of haste for 170 gold pieces
 34902 | Snake:2  | Learned a level 2 spell: Blink
 34907 | Snake:2  | Learned a level 4 spell: Passage of Golubria
 35546 | Snake:4  | Entered Level 4 of the Snake Pit
 36426 | Snake:4  | Found Xitiushe's Book Shop.
 37467 | Snake:4  | Reached skill level 5 in Translocations
 37558 | Snake:4  | Reached skill level 15 in Polearms
 37806 | Snake:4  | Reached XP level 20. HP: 149/149 MP: 33/33
 38484 | Snake:4  | Got a serpentine rune of Zot
 38821 | Vaults:1 | Entered Level 1 of the Vaults
 39394 | Vaults:1 | Found Roep's Magic Scroll Boutique.
 39400 | Vaults:1 | Bought a scroll of identify for 26 gold pieces
 39400 | Vaults:1 | Bought a scroll of identify for 26 gold pieces
 39400 | Vaults:1 | Bought a scroll of identify for 26 gold pieces
 41117 | Vaults:2 | Gained mutation: You resist negative energy. (rN+) [demonic
                  | ancestry]
 41117 | Vaults:2 | Reached XP level 21. HP: 127/156 MP: 27/34
 41607 | Vaults:2 | Reached skill level 10 in Spellcasting
 42076 | Vaults:2 | Found a staircase to the Crypt.
 42103 | Vaults:2 | Learned a level 5 spell: Lee's Rapid Deconstruction
 42491 | D:13     | You paid a toll of 20 scrolls of identify to enter a
                  | treasure trove
 42492 | Trove    | Entered a treasure trove
 42497 | Trove    | Found the +8 orange crystal plate armour {Archmagi, Int+3
                  | Clar}
 42592 | Trove    | Got a pair of jewelled gloves
 42603 | Trove    | Identified the +0 pair of gloves "Taclem" {MR+ Int+3
                  | Stlth+} (You found it in a treasure trove)
 42640 | Trove    | Got a distressingly furry chain mail
 42651 | Trove    | Identified the +7 chain mail of the Solstice {rElec MR+}
                  | (You found it in a treasure trove)
 43242 | Vaults:3 | Reached skill level 15 in Shields
 43582 | Vaults:3 | Found Vuicinku's Book Shop.
 43595 | Vaults:3 | Learned a level 2 spell: Swiftness
 44117 | Vaults:3 | You fall through a shaft!
 44771 | Vaults:4 | Reached skill level 11 in Armour
 45205 | Vaults:4 | Found a radiant altar of Vehumet.
 45223 | Vaults:4 | Found the -2 hat of the Alchemist {rElec rPois rF+ rC+ rN+
                  | MR+ rMut rCorr}
 45262 | Vaults:4 | Got a dazzling hat
 45273 | Vaults:4 | Identified the +1 hat "Kykus" {Int+2} (You found it on
                  | level 4 of the Vaults)
 45369 | Vaults:4 | Found Ogush's Magic Scroll Boutique.
 45391 | Vaults:4 | Bought a scroll of blinking for 105 gold pieces
 45507 | Vaults:3 | Gained mutation: You are somewhat able to resist unholy
                  | torments (1 in 2 success). [demonic ancestry]
 45507 | Vaults:3 | Reached XP level 22. HP: 156/163 MP: 34/36
 45981 | Vaults:3 | Reached skill level 12 in Armour
 46292 | Swamp:1  | Entered Level 1 of the Swamp
 46460 | Swamp:1  | Noticed Louise
 46488 | Swamp:1  | Killed Louise
 46571 | Swamp:1  | Found a runed door.
 46572 | Swamp:1  | Noticed bli's ghost (adept MfMo)
 48010 | Swamp:2  | Found a snail-covered altar of Cheibriados.
 48089 | Swamp:3  | Reached skill level 13 in Armour
 48771 | Swamp:4  | Entered Level 4 of the Swamp
 49063 | Swamp:4  | Reached skill level 14 in Armour
 49805 | Swamp:4  | Got a decaying rune of Zot
 50179 | Crypt:1  | Entered Level 1 of the Crypt
 50758 | Crypt:1  | Found a runed gate.
 50898 | Crypt:1  | Reached skill level 15 in Armour
 51065 | Crypt:1  | Found a runed gate.
 51065 | Crypt:1  | Noticed Hah Honi's ghost (adept GrFi)
 51065 | Crypt:1  | Noticed Funu's ghost (adept GrFi)
 51066 | Crypt:1  | Found a runed gate.
 52464 | Crypt:3  | Entered Level 3 of the Crypt
 52475 | Crypt:3  | Reached skill level 16 in Armour
 52481 | Crypt:3  | Reached XP level 23. HP: 163/169 MP: 37/37
 53226 | Crypt:3  | Identified Wetolix's Collected Works on Creative Moulding
 53992 | Crypt:3  | Reached skill level 17 in Armour
 54106 | Crypt:3  | Found a staircase to the Tomb.
 54154 | Crypt:3  | Got an ancient scythe
 54155 | Crypt:3  | Identified the +1 scythe of the Whelk {slice, +Inv rElec
                  | rN+} (You found it on level 3 of the Crypt)
 54165 | Crypt:3  | Noticed an ancient lich
 54196 | Crypt:3  | Killed an ancient lich
 55523 | Depths:2 | Got a crude hunting sling
 55524 | Depths:2 | Identified the +8 hunting sling "Orb Guardian's Foe"
                  | {venom, rC+} (You found it on level 2 of the Depths)
 55746 | Depths:2 | Reached skill level 18 in Armour
 56378 | Depths:2 | Noticed Sojobo
 56779 | Depths:2 | Identified the cursed +0 scale mail "Etedyol" {+Inv rPois
                  | Int+3 SInv}
 56917 | Depths:2 | Reached skill level 19 in Armour
 56928 | Depths:2 | Reached skill level 5 in Dodging
 57018 | Depths:2 | Noticed a caustic shrike
 57037 | Depths:2 | Killed a caustic shrike
 57041 | Depths:2 | Identified the +1 rapier of Filerepn {protect, rC+ Int+5}
 57094 | Depths:2 | Noticed a caustic shrike
 57116 | Depths:2 | Killed a caustic shrike
 57116 | Depths:2 | Gained mutation: You regenerate magic rapidly. [demonic
                  | ancestry]
 57116 | Depths:2 | Reached XP level 24. HP: 175/175 MP: 33/37
 57444 | Depths:2 | Found a gateway to a ziggurat.
 57510 | Depths:2 | Killed Sojobo
 57836 | Depths:3 | Reached skill level 20 in Armour
 58110 | Depths:3 | Noticed a juggernaut
 58161 | Depths:2 | Killed a juggernaut
 58468 | Depths:3 | Noticed a juggernaut
 58481 | Depths:3 | Killed a juggernaut
 58496 | Depths:3 | Noticed a juggernaut
 58518 | Depths:3 | Killed a juggernaut
 58518 | Depths:3 | Reached skill level 21 in Armour
 58888 | Depths:3 | Noticed a juggernaut
 58926 | Depths:3 | Killed a juggernaut
 58967 | Depths:3 | Reached XP level 25. HP: 79/180 MP: 25/37
 59360 | Depths:3 | Found an iron altar of Okawaru.
 59507 | Depths:3 | Reached skill level 22 in Armour
 60315 | Depths:4 | Found Orronaps's Book Emporium.
 60754 | Snake:4  | Bought a book of Unlife for 1040 gold pieces
 60760 | Snake:4  | Learned a level 5 spell: Borgnjor's Vile Clutch
 61484 | Depths:5 | Entered Level 5 of the Depths
 61834 | Depths:5 | Reached skill level 1 in Necromancy
 62485 | Depths:4 | Reached skill level 23 in Armour
 62760 | Depths:5 | Reached skill level 5 in Necromancy
 62896 | Depths:5 | Found a runed door.
 62896 | Depths:5 | Found a runed door.
 62896 | Depths:5 | Found a runed door.
 62981 | Depths:5 | Found a runed door.
 62988 | Depths:5 | Found a runed door.
 63015 | Depths:5 | Found a runed door.
 63191 | Depths:5 | Found a gate to the Realm of Zot.
 63732 | Vaults:4 | Lost mutation: You possess an exceptional clarity of mind.
                  | [potion of mutation]
 63732 | Vaults:4 | Lost mutation: You are agile. (Dex +2) [potion of mutation]
 63732 | Vaults:4 | Gained mutation: You are resistant to hostile enchantments.
                  | (MR+) [potion of mutation]
 63836 | Vaults:5 | Entered Level 5 of the Vaults
 63857 | Vaults:5 | Reached skill level 1 in Charms
 63859 | Vaults:5 | Reached skill level 10 in Earth Magic
 63859 | Vaults:5 | Gained mutation: When low on magic, you restore magic in
                  | place of health. [demonic ancestry]
 63859 | Vaults:5 | Reached XP level 26. HP: 155/187 MP: 31/37
 64305 | Vaults:5 | Got a pair of transparent gloves
 64306 | Vaults:5 | Identified the +2 pair of gloves of the Slorg {*Slow rF+
                  | Str+3} (You found it on level 5 of the Vaults)
 64312 | Vaults:5 | Got a polished chain mail
 64313 | Vaults:5 | Identified the +4 chain mail of the Lizard {Str+3 Dex+6
                  | SInv} (You found it on level 5 of the Vaults)
 64324 | Vaults:5 | Got a polished spear
 64325 | Vaults:5 | Identified the +1 spear "Ogagrot" {antimagic, rPois Str+5}
                  | (You found it on level 5 of the Vaults)
 64439 | Vaults:5 | Reached skill level 10 in Necromancy
 64641 | Vaults:5 | Got a pair of pitted gloves
 64642 | Vaults:5 | Identified the +1 pair of gloves "Earthly Heaven" {Stlth+}
                  | (You found it on level 5 of the Vaults)
 64885 | Vaults:5 | Noticed an ancient lich
 64922 | Vaults:5 | Killed an ancient lich
 64973 | Vaults:5 | Got a silver rune of Zot
 65387 | Vaults:5 | Identified the Catalogue of the Creative Snowflakes
 65541 | Vaults:5 | Identified the cursed +0 spear "Ynafap" {pierce, MR++}
 66020 | Tomb:1   | Entered Level 1 of the Tomb of the Ancients
 66040 | Tomb:1   | Reached skill level 10 in Transmutations
 66146 | Tomb:1   | Learned a level 6 spell: Statue Form
 66645 | Tomb:1   | Noticed a greater mummy
 66767 | Tomb:1   | Killed a greater mummy
 67116 | Tomb:1   | Noticed a greater mummy
 67129 | Tomb:1   | Killed a greater mummy
 67147 | Tomb:1   | Noticed a greater mummy
 67174 | Tomb:1   | Killed a greater mummy
 68623 | Zot:1    | Entered Level 1 of the Realm of Zot
 68644 | Zot:1    | Gained mutation: Your melee attacks may debilitate your
                  | foes. [demonic ancestry]
 68644 | Zot:1    | Reached XP level 27. HP: 164/184 MP: 13/38
 68976 | Zot:1    | Noticed an orb of fire
 68996 | Zot:1    | Killed an orb of fire
 68999 | Zot:1    | Reached skill level 1 in Air Magic
 69765 | Zot:2    | Noticed an orb of fire
 69788 | Zot:2    | Killed an orb of fire
 70667 | Zot:3    | Found a huge runed gate.
 70667 | Zot:3    | Found a huge runed gate.
 70667 | Zot:3    | Found a huge runed gate.
 70667 | Zot:3    | Found a huge runed gate.
 70668 | Zot:3    | Found a huge runed gate.
 70669 | Zot:3    | Found a huge runed gate.
 70669 | Zot:3    | Found a huge runed gate.
 70670 | Zot:3    | Found a huge runed gate.
 70672 | Zot:3    | Found a huge runed gate.
 70672 | Zot:3    | Found a huge runed gate.
 70672 | Zot:3    | Found a huge runed gate.
 70672 | Zot:3    | Found a huge runed gate.
 70676 | Zot:3    | Found a huge runed gate.
 70676 | Zot:3    | Found a huge runed gate.
 70676 | Zot:3    | Found a huge runed gate.
 70676 | Zot:3    | Found a huge runed gate.
 70677 | Zot:3    | Found a huge runed gate.
 70680 | Zot:3    | Found a huge runed gate.
 70715 | Zot:3    | Found a huge runed gate.
 70715 | Zot:3    | Found a huge runed gate.
 70715 | Zot:3    | Found a huge runed gate.
 70716 | Zot:3    | Found a huge runed gate.
 70765 | Zot:3    | Found a huge runed gate.
 70766 | Zot:3    | Found a huge runed gate.
 70769 | Zot:3    | Found a huge runed gate.
 70771 | Zot:3    | Found a huge runed gate.
 70771 | Zot:3    | Found a huge runed gate.
 70771 | Zot:3    | Found a huge runed gate.
 70771 | Zot:3    | Found a huge runed gate.
 71023 | Zot:3    | Noticed an ancient lich
 71024 | Zot:3    | Noticed an orb of fire
 71035 | Zot:3    | Gained mutation: Scrolls take you a little longer to read.
                  | [an orb of fire]
 71052 | Zot:2    | Gained mutation: Your system is resistant to poisons.
                  | (rPois) [an orb of fire]
 71068 | Zot:2    | Killed an orb of fire
 71303 | Zot:3    | Killed an ancient lich
 72426 | Orc:2    | Bought a potion of might for 64 gold pieces
 72426 | Orc:2    | Bought a potion of resistance for 160 gold pieces
 72426 | Orc:2    | Bought a potion of haste for 160 gold pieces
 72426 | Orc:2    | Bought a potion of cancellation for 128 gold pieces
 72426 | Orc:2    | Bought a potion of resistance for 160 gold pieces
 72426 | Orc:2    | Bought a potion of curing for 48 gold pieces
 72426 | Orc:2    | Bought 2 potions of haste for 320 gold pieces
 72426 | Orc:2    | Bought a potion of curing for 48 gold pieces
 72426 | Orc:2    | Bought a potion of resistance for 160 gold pieces
 72428 | Orc:2    | Bought a potion of heal wounds for 165 gold pieces
 72568 | D:13     | Bought a potion of invisibility for 136 gold pieces
 72568 | D:13     | Bought a potion of haste for 170 gold pieces
 72776 | Snake:2  | Bought a potion of berserk rage for 85 gold pieces
 72776 | Snake:2  | Bought a potion of berserk rage for 85 gold pieces
 74102 | Zot:5    | Entered Level 5 of the Realm of Zot
 75329 | Zot:5    | Noticed an ancient lich
 75346 | Zot:5    | Killed an ancient lich
 75346 | Zot:5    | Reached skill level 10 in Invocations
 75523 | Zot:5    | Noticed an ancient lich
 75537 | Zot:5    | Killed an ancient lich
 75810 | Zot:5    | Noticed an orb of fire
 75816 | Zot:5    | Noticed an ancient lich
 75826 | Zot:5    | Killed an orb of fire
 75828 | Zot:5    | Killed an ancient lich
 75828 | Zot:5    | Noticed an orb of fire
 75843 | Zot:5    | Gained mutation: Your spells are a little easier to cast,
                  | but a little less powerful. [an orb of fire]
 75852 | Zot:5    | Noticed an ancient lich
 75858 | Zot:5    | Gained mutation: Your magical capacity is low. (-10% MP)
                  | [an orb of fire]
 75858 | Zot:5    | Noticed an orb of fire
 75858 | Zot:5    | Noticed an orb of fire
 75859 | Zot:5    | Noticed an orb of fire
 75881 | Zot:5    | HP: 11/222 [Orb Guardian (13)]
 75881 | Zot:5    | Mangled by an Orb Guardian

Vault maps used:
D:1:      dpeg_arrival_rooms_with_view, minmay_misc_feat_plants, minivault_19
D:2:      uniq_jessica, uniq_terence
D:3:      ebering_ghost_inner_flame, minmay_misc_feat_secret_circle
D:4:      first_ration, nicolae_dithmenos_the_darkroom
D:5:      hangedman_minor_gate_pass, uniq_edmund, uniq_pikel
D:6:      minmay_temple_entry_ruins, lexackson_kobold_supper
D:7:      serial_shops, shop, uniq_joseph
D:8:      cheibrodos_barr_body, lemuel_crystal_altar, the_bakery, uniq_harold
D:9:      ploomutoo_gammafunk_ghost_potion_laboratory
D:10:     erik_lair_dragon, uniq_urug
D:11:     hiddenorc1_lemuel, serial_glass, glass_columns_a, glass_columns_b,
          glass_columns_b, glass_columns_a, glass_columns_a, glass_columns_b,
          glass_columns_b, glass_columns_b, glass_columns_a, glass_columns_b,
          minmay_lizard_king
D:12:     minmay_the_grid_triangle_9x9_rhombus_thin
D:13:     serial_shops, kennysheep_little_box, nicolae_trove_entry_diagonal
D:14:     skrybe_vaults_entry_preservation, serial_shops, shop_fountains,
          minivault_27
D:15:     grunt_enter_depths_snipers, minmay_misc_feat_pillars, spider_trap,
          uniq_agnes
Temple:   minmay_crystal_snake_temple
Lair:1:   beast_lair_carwin_large_2, nicolae_volcano_entry_batcave, basic_altar,
          grunt_forest_large_clearing_hut
Lair:2:   minmay_swamp_entry_worms, guppyfry_snake_entry_island
Lair:3:   gammafunk_ghost_ooze, serial_bayou_lagoon_a, beast_lair_carwin_7,
          uniq_prince_ribbit2, uniq_sonja, uniq_gastronok
Lair:4:   grunt_megastairs_4, uniq_nergalle
Lair:5:   serial_rivers, chequers_serial_rivers_micro_a,
          chequers_serial_rivers_micro_e, chequers_serial_rivers_small_3,
          chequers_serial_rivers_marsh, chequers_serial_rivers_small_b,
          lemuel_fruit_tree, infiniplex_staircase_pool
Lair:6:   minmay_lair_end_enchanted_forest, slime_altar_2,
          portal_ice_cave_entry_animals_and_master,
          nicolae_quartered_pool_little
Swamp:1:  ebering_ghost_inner_flame, evilmike_swamp_ruin_house_1, swamp_pool5,
          cheibrodos_swamp_pet_leeches, uniq_louise
Swamp:2:  nicolae_swamp_very_dense_foliage, swamp_pool2, nicolae_swamp_godswood
Swamp:3:  evilmike_swamp_ruin_rubble_1
Swamp:4:  swamp_fiery
Snake:1:  nicolae_snake_squiggles, serial_bayou_pond_e, serial_bayou_shore_a,
          serial_bayou_shore_b
Snake:2:  serial_shops, shop, special_room, basic_stair_grate_trap
Snake:4:  johnstein_snake_rune_scales, serial_shops, shop
Orc:2:    st_orc_elflike, uniq_maurice
Elf:1:    eino_elf_arrival_sip, minmay_elf_sorcery, uniq_roxanne
Elf:3:    minmay_elf_hall_circle, serial_sigils, serial_sigils_hangedman_quiver,
          serial_sigils_hangedman_gut, serial_sigils_hangedman_gnaw,
          serial_sigils_hangedman_snap, serial_sigils_hangedman_quiver
Vaults:1: hangedman_vaults_pinch, nicolae_vaults_lopsided_apartments,
          grunt_vaults_swirl, nicolae_vaults_alarming, ontoclasm_vaults_spin,
          v_rooms_4, hangedman_vaults_maws, ontoclasm_vaults_idyll,
          ontoclasm_vaults_idyll, v_alt_pattern_1, ontoclasm_vaults_pinch,
          serial_shops, shop_scrolls
Vaults:2: v_misc_11, minmay_crypt_entry_vampire_xt, vaults_dpeg_hooks,
          st_diamondy, nicolae_vaults_sealed_display,
          nicolae_vaults_big_angled_halls, vaults_room_grid,
          hangedman_vaults_corner, v_misc_5, vaults_room_door_ring,
          nicolae_vaults_asterisk, v_misc_14
Vaults:3: vaults_mumra_minichess_inversion, v_misc_28,
          nicolae_vaults_what_the_h, v_misc_29, st_smaller_cells,
          nicolae_vaults_gold_heap, vaults_room_mumra_shop_pool, v_misc_5,
          ontoclasm_vaults_ring_small, ontoclasm_vaults_ligature, v_pattern_3
Vaults:4: v_misc_26, grunt_tower_of_power, v_misc_26,
          nicolae_vaults_specimen_jars, vaults_dpeg_encased_lava,
          hangedman_vaults_maws, serial_shops, nicolae_shop_behind_doors
Crypt:1:  gammafunk_ghost_cemetery, grunt_crypt_arrival_webbed
Crypt:2:  st_stairs_2
Crypt:3:  quadcrypt_mu
Depths:1: hell_entry, muffindrake_ghost_dead_mans_drink, abyss_entry,
          grunt_pan_entry_in_and_out, kennysheep_inner_square, minmay_shoptagon
Depths:2: grunt_runaround, hell_entry, serial_shops, uniq_sojobo
Depths:3: grunt_bent_corner, kennysheep_cross_room, rand_demon_pan_entry_4,
          hell_entry, okawaru_ov_weapons_minmay
Depths:4: minmay_skeletal_surprise, serial_shops, shop, hell_entry, abyss_entry,
          kennysheep_small_spiral, minmay_staircase_bubble
Depths:5: evilmike_zot_entry_castle, abyss_entry, rand_demon_pan_entry_5,
          pf_coc_iceberg, minmay_misc_feat_ornament
Zot:3:    basic_loot_grate_trap, door_vault
Zot:4:    kennysheep_ambush_hall
Trove:    trove_armour_1
Volcano:  volcano_bunker

Skill      XL: |  1  2  3  4  5  6  7  8  9 10 11 12 13 14 15 16 17 18 19 20 21 22 23 24 25 26 27 |
---------------+----------------------------------------------------------------------------------+-----
Axes           | 2 3 |  3.7
Shields        | 3 4 5 6 7 9 10 12 13 14 15 | 15.0
Armour         | 3 4 5 6 9 10 11 16 19 21 23 | 23.0
Polearms       | 1 4 5 8 10 12 13 14 15 16 18 | 18.5
Fighting       | 4 5 6 7 9 11 12 13 14 15 16 17 22 | 22.0
Hexes          | 1 4 6 7 |  7.0
Spellcasting   | 1 4 6 7 8 9 10 11 12 | 12.0
Translocations | 3 5 7 |  7.5
Invocations    | 6 9 11 | 11.1
Dodging        | 1 4 5 6 9 |  9.0
Transmutations | 2 6 7 9 11 13 | 13.0
Earth Magic    | 2 6 7 8 9 10 12 14 | 14.3
Evocations     | 6 |  6.8
Necromancy     | 7 12 | 12.0
Charms         | 1 |  1.2
Air Magic      | 1 |  1.2
Slings         | |  0.1
Bows           | |  0.4
Throwing       | |  0.1
Stealth        | |  0.1

Action                   |  1- 3 |  4- 6 |  7- 9 | 10-12 | 13-15 | 16-18 | 19-21 | 22-24 | 25-27 || total
-------------------------+-------+-------+-------+-------+-------+-------+-------+-------+-------++-------
Melee: War axe           |    90 |    93 |       |       |       |       |       |       |       ||   183
       Trident           |       |    58 |   202 |   548 |  1202 |   877 |  1922 |  2364 |  1992 ||  9165
       Kick              |       |       |    20 |   169 |   478 |   381 |   732 |  1129 |   957 ||  3866
       Headbutt          |       |       |       |    13 |   256 |   250 |    19 |       |       ||   538
 Fire: Hunting sling     |       |       |       |       |     2 |    11 |       |       |       ||    13
Throw: Javelin           |       |       |       |       |       |     1 |       |       |       ||     1
 Cast: Confusing Touch   |       |       |       |       |    51 |   120 |    97 |    69 |    34 ||   371
       Lee's Rapid Decon |       |       |       |       |       |       |     3 |    16 |    16 ||    35
       Borgnjor's Vile C |       |       |       |       |       |       |       |       |   125 ||   125
       Swiftness         |       |       |       |       |       |       |       |       |     1 ||     1
       Statue Form       |       |       |       |       |       |       |       |       |     8 ||     8
Invok: Ancestor Life: He |       |       |       |     1 |       |       |       |       |       ||     1
       Recall Ancestor   |       |       |       |       |     1 |       |     4 |     2 |     3 ||    10
       Idealise          |       |       |       |       |       |     5 |     5 |     7 |     6 ||    23
Evoke: Wand              |       |       |       |       |     3 |     2 |       |       |     9 ||    14
       Lamp of fire      |       |       |       |       |       |       |       |       |     2 ||     2
  Use: Scroll            |       |       |       |    17 |     8 |     7 |     6 |     8 |    12 ||    58
       Potion            |       |       |       |     3 |    11 |     4 |     4 |     2 |    21 ||    45
 Stab: Distracted        |       |       |     2 |     7 |    10 |     5 |    13 |    28 |    26 ||    91
       Confused          |       |       |       |     5 |    41 |    87 |   187 |   171 |   113 ||   604
       Paralysed         |       |       |       |       |    15 |    40 |    76 |    84 |    79 ||   294
       Sleeping          |       |       |       |       |       |       |     5 |       |       ||     5
       Invisible         |       |       |       |       |       |       |       |       |    10 ||    10
  Eat: Chunk             |    13 |     7 |     8 |     9 |    34 |    15 |    36 |    27 |    36 ||   185
       Ration            |       |       |       |     2 |     1 |     4 |     2 |     7 |    14 ||    30
Armor: Scale mail        |    73 |    74 |    58 |    87 |   284 |   135 |   125 |       |       ||   836
       Chain mail        |       |    40 |       |       |       |       |    47 |   241 |       ||   328
       Crystal plate arm |       |       |       |       |       |       |       |   345 |   678 ||  1023
       Skin              |       |       |       |       |       |       |       |       |   146 ||   146
Dodge: Dodged            |    22 |    42 |    31 |    62 |   177 |   124 |   167 |   339 |   581 ||  1545
       Deflected         |     2 |       |     5 |     8 |    13 |       |       |       |       ||    28
Block: Shield            |    40 |    71 |    61 |   136 |   419 |   233 |   478 |   617 |       ||  2055
       Buckler           |       |       |       |       |       |       |       |   144 |   493 ||   637
       Reflection        |       |       |       |       |       |       |       |    25 |    17 ||    42

Table legend:
 A = Non-vault XP
 B = Vault XP
 C = Vault XP percentage of total XP
 D = Non-vault monster count
 E = Vault monster count
 F = Vault count percentage of total count
                 A         B        C        D         E       F
            +---------+---------+-------+---------+---------+-------
      Total |  837256 |  941915 |  52.9 |    1526 |    1051 |  40.8
            +---------+---------+-------+---------+---------+-------
        D:1 |      44 |       3 |   6.4 |      24 |       2 |   7.7
        D:2 |      93 |      75 |  44.6 |      18 |       2 |  10.0
        D:3 |      28 |       0 |   0.0 |      10 |       0 |   0.0
        D:4 |     264 |       0 |   0.0 |      18 |       0 |   0.0
        D:5 |     449 |     873 |  66.0 |      16 |       9 |  36.0
        D:6 |     578 |     112 |  16.2 |      12 |       8 |  40.0
        D:7 |     755 |     471 |  38.4 |      21 |       1 |   4.5
        D:8 |    1183 |    1884 |  61.4 |      19 |      11 |  36.7
        D:9 |    2600 |    7301 |  73.7 |      18 |      16 |  47.1
       D:10 |    2190 |    1881 |  46.2 |      31 |       7 |  18.4
       D:11 |    2110 |     684 |  24.5 |      12 |      23 |  65.7
       D:12 |    7069 |    4258 |  37.6 |      40 |      12 |  23.1
       D:13 |    5892 |       0 |   0.0 |      17 |       0 |   0.0
       D:14 |    7781 |    5049 |  39.4 |      21 |      10 |  32.3
       D:15 |   11283 |    5673 |  33.5 |      23 |       6 |  20.7
     Lair:1 |    3707 |    2731 |  42.4 |      20 |      12 |  37.5
     Lair:2 |    9101 |    1384 |  13.2 |      31 |       3 |   8.8
     Lair:3 |    8134 |    5316 |  39.5 |      28 |      17 |  37.8
     Lair:4 |    4517 |    3596 |  44.3 |      14 |       8 |  36.4
     Lair:5 |    4156 |       0 |   0.0 |      17 |       0 |   0.0
     Lair:6 |    6743 |   11248 |  62.5 |      29 |      51 |  63.8
    Swamp:1 |    8856 |    2832 |  24.2 |      29 |       7 |  19.4
    Swamp:2 |   11463 |       0 |   0.0 |      22 |       0 |   0.0
    Swamp:3 |   14897 |       0 |   0.0 |      41 |       0 |   0.0
    Swamp:4 |   16932 |   14142 |  45.5 |      41 |      26 |  38.8
    Snake:1 |    8668 |       0 |   0.0 |      16 |       0 |   0.0
    Snake:2 |   18743 |       0 |   0.0 |      37 |       0 |   0.0
    Snake:3 |    5044 |       0 |   0.0 |       9 |       0 |   0.0
    Snake:4 |   26368 |   43998 |  62.5 |      51 |      66 |  56.4
      Orc:1 |    2381 |       0 |   0.0 |      23 |       0 |   0.0
      Orc:2 |    5516 |    8665 |  61.1 |      35 |      25 |  41.7
      Elf:1 |   13289 |   11052 |  45.4 |      29 |      15 |  34.1
      Elf:2 |   24000 |    4476 |  15.7 |      37 |       3 |   7.5
      Elf:3 |   13440 |   44510 |  76.8 |      23 |      30 |  56.6
   Vaults:1 |   31976 |   30542 |  48.9 |      48 |      50 |  51.0
   Vaults:2 |   36460 |   17734 |  32.7 |      67 |      32 |  32.3
   Vaults:3 |   29696 |   39038 |  56.8 |      53 |      56 |  51.4
   Vaults:4 |   25753 |   15357 |  37.4 |      52 |      25 |  32.5
   Vaults:5 |   29279 |   98276 |  77.0 |      51 |      73 |  58.9
    Crypt:1 |   19301 |       0 |   0.0 |      30 |       0 |   0.0
    Crypt:2 |   29393 |    1272 |   4.1 |      51 |       2 |   3.8
    Crypt:3 |       0 |   66032 | 100.0 |       0 |      81 | 100.0
     Tomb:1 |   11763 |   51961 |  81.5 |      35 |      31 |  47.0
   Depths:1 |   22744 |   20583 |  47.5 |      26 |      29 |  52.7
   Depths:2 |    2109 |  118340 |  98.2 |       5 |     105 |  95.5
   Depths:3 |   32817 |  102665 |  75.8 |      51 |      91 |  64.1
   Depths:4 |   28090 |   13556 |  32.6 |      30 |      15 |  33.3
   Depths:5 |   48019 |   45339 |  48.6 |      48 |      36 |  42.9
      Zot:1 |   76198 |       0 |   0.0 |      40 |       0 |   0.0
      Zot:2 |   71473 |   22610 |  24.0 |      51 |       7 |  12.1
      Zot:3 |   65517 |   22091 |  25.2 |      40 |       9 |  18.4
      Zot:4 |   17787 |   13128 |  42.5 |       9 |       8 |  47.1
      Zot:5 |   10607 |   74555 |  87.5 |       7 |      20 |  74.1
    Volcano |       0 |    6622 | 100.0 |       0 |      11 | 100.0
            +---------+---------+-------+---------+---------+-------
